AoeStats
← Axolot

Arena

506570034Analyzed
4v4 RM · 17d ago on Sep 14, 2026· 25m 51s· 8 players
Game mode
Random Map
Map size
Large (8 player)
Population
200
Speed
Normal
Resources
Standard
Victory
Conquest
Starting age
Dark Age
Ending age
Imperial Age
RankedLock teamsTeams togetherTeam positionsShared explorationLock speedFull tech treeHidden civsTurbo modeCheats
Victory
Defeat
🇲🇽 Koreans · Mexico
1875
+4
🇲🇽 Magyars · Mexico
1559
+13
🇨🇱 Spanish · Chile
1557
+13
🇲🇽 Chinese · Mexico
1557
+13
🇨🇱 Khmer · Chile
1559
-12
🇦🇷 Bohemians · Argentina
1553
-13
🇦🇷 Romans · Argentina
1510
-10
🇦🇷 Portuguese · Argentina
1432
-8
JC Shoker
0:29 Loom
11:41 Feudal Age
13:09 Fletching
19:18 Castle Age
17:17 Horse Collar
17:35 Double-Bit Axe
18:14 Stone Mining
19:22 Gold Mining
21:24 Bow Saw
21:38 Town Watch
22:33 Wheelbarrow
22:11 Bodkin Arrow
23:29 Heavy Plow
25:44 Stone Shaft Mining
25:45 Padded Archer Armor
Ux'LobodeLaNieve
12:35 Feudal Age
16:30 Castle Age
14:28 Horse Collar
15:03 Double-Bit Axe
16:34 Fletching
17:47 Bodkin Arrow
21:24 Bow Saw
26:16 Husbandry
CoterLee
10:17 Feudal Age
14:37 Castle Age
13:05 Double-Bit Axe
13:37 Horse Collar
16:18 Bow Saw
21:42 Gold Mining
23:35 Loom
23:38 Town Watch
24:08 Scale Barding Armor
AiM | PoRRo
11:40 Feudal Age
12:59 Loom
13:07 Double-Bit Axe
15:41 Castle Age
16:28 Fletching
17:27 Town Watch
Axolot
9:16 Feudal Age
9:30 Loom
17:17 Gold Mining
17:32 Double-Bit Axe
18:23 Horse Collar
26:37 Castle Age
[CL] El Sin Manos
10:05 Feudal Age
12:03 Horse Collar
14:25 Castle Age
12:49 Double-Bit Axe
15:28 Heavy Plow
16:08 Bow Saw
18:06 Loom
18:13 Town Watch
[VA] Tano_Pacman
9:53 Feudal Age
13:37 Castle Age
12:09 Double-Bit Axe
14:43 Bow Saw
16:05 Fervor
16:29 Horse Collar
23:02 Wheelbarrow
24:17 Loom
[VA] PabloB
11:39 Feudal Age
15:22 Castle Age
13:35 Double-Bit Axe
18:21 Loom
23:43 Imperial Age
Connection lost

Rejoining the realm…

Still unreachable

The connection could not be restored.

Session expired

The server has moved on; the page needs a fresh start.